 Dungeon Crawl Stone Soup version 0.30-a0-140-gd1020e658a (webtiles) character file.

Game seed: 16889480518262825806

127 KennySheep the Digger (level 5, -1/44 HPs)
             Began as a Naga Earth Elementalist on Sept 24, 2022.
             Was a Follower of the Shining One.
             Slain by a gnoll
             ... wielding a +0 spear
              (8 damage)
             ... on level 4 of the Dungeon.
             The game lasted 00:11:21 (3418 turns).

KennySheep the Digger (Naga Earth Elementalist)     Turns: 3418, Time: 00:11:22

Health: -1/44      AC:  4    Str: 10    XL:     5   Next: 11%
Magic:  1/8        EV: 10    Int: 17    God:    the Shining One [*.....]
Gold:   85         SH: 11    Dex: 12    Spells: 2/8 levels left

rFire   . . .      SeeInvis +    r - +0 scimitar
rCold   . . .      Faith    .    (no shield)
rNeg    . . .      Spirit   .    a - +0 robe
rPois   +          Reflect  +    f - +1 helmet
rElec   .          Harm     .    (no cloak)
rCorr   +          Rampage  .    (no gloves)
Will    .....                    (no barding)
Stlth   +.........               g - amulet of reflection
HPRegen 0.14/turn                q - ring of flight
MPRegen 0.11/turn                t - ring of resist corrosion

@: divinely shielded, flying, glowing, very slow
A: AC +1, large, see invisible, deformed body, poison resistance, slowness 2,
spit poison 1, naga tail 1
a: Spit Poison, Renounce Religion, Divine Shield


You were on level 4 of the Dungeon.
You worshipped the Shining One.
The Shining One was aware of your devotion.
You visited 1 branch of the dungeon, and saw 4 of its levels.

You collected 85 gold pieces.

Inventory:

Hand Weapons
 c - a +0 spear
 r - a +0 scimitar (weapon)
Armour
 a - a +0 robe (worn)
 f - a +1 helmet (worn)
Jewellery
 g - an amulet of reflection (around neck)
 q - a ring of flight (left hand)
 t - a ring of resist corrosion (right hand)
Wands
 s - a wand of roots (8)
Scrolls
 e - a scroll of identify
 j - a scroll of immolation
Potions
 b - a potion of flight {unknown}
 d - 2 potions of brilliance {unknown}
 h - a potion of might {unknown}
 i - 2 potions of degeneration {unknown}
 l - a potion of resistance {unknown}
 o - 2 potions of attraction {unknown}
 p - 2 potions of heal wounds {unknown}


   Skills:
 + Level 1.2 Fighting
 + Level 2.0 Dodging
 - Level 3.0 Stealth
 + Level 2.4 Spellcasting
 * Level 1.4 Conjurations
 - Level 1.7 Transmutations
 * Level 3.9 Earth Magic
 + Level 1.2 Invocations


You had 2 spell levels left.
You knew the following spells:

 Your Spells              Type           Power      Damage    Failure   Level
a - Sandblast             Erth           30%        2d9       3%          1
b - Passwall              Tmut/Erth      9%         N/A       9%          2
c - Stone Arrow           Conj/Erth      22%        3d8       19%         3

Your spell library contained the following spells:

 Spells                   Type           Power      Damage    Failure   Level
 Foxfire                  Conj/Fire      16%        2x1d4     14%         1
 Inner Flame              Hex/Fire       2%         N/A       50%         3
 Kindle Blastsparks       Fire/Tloc/Air  4%         2d10      50%         3
 Petrify                  Tmut/Erth      11%        N/A       50%         4
 Flame Wave               Conj/Fire      4%         2d5       80%         4


Dungeon Overview and Level Annotations

Branches:
Dungeon (4/15)
 Temple: D:4-7

Altars:
Kikubaaqudgha
Xom
The Shining One


Innate Abilities, Weirdness & Mutations

Your serpentine skin is tough. (AC +1)
You have supernaturally acute eyesight. (SInv)
Armour fits poorly on your strangely shaped body.
Your system is resistant to poisons. (rPois)
You cover ground very slowly.
You can spit poison.
You have a snake-like lower body.


Message History

A goblin comes into view. It is wielding a +0 club.
The goblin shouts!
You barely miss the goblin. The goblin misses you.
The goblin hits you with a +0 club. The goblin barely misses you.
The gnoll attacks as you move away! You block the gnoll's attack.
The goblin attacks as you move away! You block the goblin's attack.
The gnoll attacks as you move away! The gnoll hits you with a +0 whip.
The gnoll closely misses you.
Aiming: Sandblast (safe; 3% risk of failure)
Press: ? - help, Q - select action, (/) - cycle Shift-Dir - straight line, f - gnoll
Aim: a gnoll, wielding a +0 whip (haloed, 88% to hit)
The blast of sand hits the gnoll.
The gnoll is moderately wounded.
The gnoll hits you from afar with a +0 spear.
You block the gnoll's attack.
Aiming: Sandblast (safe; 3% risk of failure)
Press: ? - help, Q - select action, (/) - cycle Shift-Dir - straight line, f/p - gnoll
Aim: a gnoll, wielding a +0 whip (moderately wounded, haloed, 88% to hit)
The blast of sand misses the gnoll.
The blast of sand misses the goblin.
The gnoll hits you from afar with a +0 spear.
The gnoll barely misses you.
A gnoll comes into view. It is wielding a +0 spear.
The gnoll barely misses you. The gnoll hits you but does no damage.
The gnoll attacks as you move away! The gnoll hits you with a +0 whip.
* * * LOW HITPOINT WARNING * * *
Aiming: Sandblast (safe; 3% risk of failure)
Press: ? - help, Q - select action, (/) - cycle Shift-Dir - straight line, f - gnoll, p - gnoll
Aim: a gnoll, wielding a +0 spear (84% to hit)
The blast of sand hits the gnoll!
You kill the gnoll!
A divine shield forms around you! The goblin barely misses you.
Aiming: Sandblast (safe; 3% risk of failure)
Press: ? - help, Q - select action, (/) - cycle Shift-Dir - straight line, f/p - gnoll
Aim: a gnoll, wielding a +0 spear (haloed, 88% to hit)
The blast of sand hits the goblin!
You kill the goblin!
The gnoll hits you from afar with a +0 spear.
* * * LOW HITPOINT WARNING * * *
The gnoll hits you from afar with a +0 spear!
You die...

...............#
...............+
g..g...g.......#
...#####.......#
. #.......#
#......g#
#####'#g# #.#)#
#.#@# #.#.#
#.#.# #.#..
#.... ####


You could see 2 gnolls.

Vanquished Creatures
  An adder (D:2)
  4 gnolls
  A worm (D:3)
  A dart slug (D:1)
  4 orcs (D:3)
  7 endoplasms
  5 giant cockroaches
  7 goblins
  9 hobgoblins
  2 jackals (D:1)
  5 quokkas
  2 ball pythons
  A bat (D:3)
  2 frilled lizards (D:1)
  5 kobolds
  9 rats
65 creatures vanquished.

Vanquished Creatures (others)
  3 fungi (D:1)
  2 plants (D:1)
5 creatures vanquished.

Grand Total: 70 creatures vanquished

Notes
Turn   | Place    | Note
-------+----------+-------------------------------------------
     0 | D:1      | KennySheep the Naga Earth Elementalist began the quest for
                  | the Orb.
     0 | D:1      | Reached XP level 1. HP: 15/15 MP: 3/3
   141 | D:1      | Found a faded altar of an unknown god.
   152 | D:1      | Prayed at the altar of an unknown god.
   152 | D:1      | Became a worshipper of the Shining One
   152 | D:1      | Reached * piety under the Shining One
   171 | D:1      | Reached XP level 2. HP: 8/22 MP: 0/5
   370 | D:1      | Learned a level 2 spell: Passwall
   986 | D:1      | Reached XP level 3. HP: 30/30 MP: 1/6
  1245 | D:1      | Learned a level 3 spell: Stone Arrow
  1944 | D:2      | Reached skill level 1 in Fighting
  1944 | D:2      | Reached XP level 4. HP: 29/38 MP: 2/7
  2062 | D:2      | Reached skill level 1 in Invocations
  2257 | D:2      | Reached skill level 1 in Conjurations
  2755 | D:3      | Found a shimmering altar of Xom.
  2755 | D:3      | Found an ancient bone altar of Kikubaaqudgha.
  3278 | D:3      | Reached XP level 5. HP: 44/44 MP: 6/8
  3418 | D:4      | Slain by a gnoll

Illustrated notes

Levels and vault maps discovered:
D:1:      dpeg_arrival_morbid_curiosity, layout_loops_ring,
          shapermc_ecumenical_altar_mp_ritualfount
D:2:      layout_loops_ring
D:3:      layout_loops_ring, gammafunk_temple_overflow_pools
D:4:      layout_basic, ashenzari_altar_1, gup_sewer_entry_glass,
          minmay_misc_feat_cross

Skill      XL: |  1  2  3  4 |
---------------+-------------+-----
Fighting       | 1 |  1.2
Invocations    | 1 |  1.2
Conjurations   | 1 |  1.4
Dodging        | 2 |  2.0
Stealth        | |  3.0
Spellcasting   | |  2.4
Transmutations | |  1.7
Earth Magic    | |  3.9

Action                   |  1- 3 |  4- 6 || total
-------------------------+-------+-------++-------
Melee: Unarmed           |     9 |     2 ||    11
       Spear             |       |     8 ||     8
       Scimitar          |       |     1 ||     1
 Cast: Sandblast         |    58 |    47 ||   105
Invok: Divine Shield     |       |     1 ||     1
  Use: Potion            |       |     2 ||     2
       Scroll            |       |     4 ||     4
Armor: Robe              |     3 |     5 ||     8
Dodge: Dodged            |    10 |    19 ||    29
Block: Other             |       |     3 ||     3

Table legend: (Time is in decaauts)
 A = Elapsed time spent in this place.
 B = Non-inter-level travel time spent in this place.
 C = Inter-level travel time spent in this place.
 D = Time resting spent in this place.
 E = Time spent auto-exploring this place.
 F = Levels seen in this place.
 G = Mean time per level.
                   A        B        C        D        E       F      G
               +--------+--------+--------+--------+--------+-----+--------+
         Total |   4212 |   4079 |    133 |    620 |   2973 |   4 | 1053.0 |
       Dungeon |   4212 |   4079 |    133 |    620 |   2973 |   4 | 1053.0 |
               +--------+--------+--------+--------+--------+-----+--------+

Top non-repeatable levels by time:
     D:1: 1740 daAuts
     D:2: 1318 daAuts
     D:3: 1126 daAuts
     D:4: 26 daAuts
